Map: Curious Minds LE

Players

SpeCial - Winner!

  • Race: Terran Terran
  • League: Master

Lambo

  • Race: Zerg Zerg

Event: TSL 8

VOD

Have the link to the VOD?

Description

Time

  • Played on: Nov. 27, 2021, 1:07 p.m.
  • Length: 13:03

All games in this series

Show
View Real Time Build Order
Export as new Build Order

SpeCial Terran - Winner!

Build Orders: Gas First Reaper Expand, Hellion Banshee 

Get SALT Encoding   

  12  0:00  SCV  
  13  0:12  SCV  
  14  0:17  Supply Depot  
  14  0:24  SCV  
  14  0:27  Refinery  
  15  0:38  SCV  
  16  0:44  Barracks  
  16  0:50  SCV  
  17  1:03  SCV  
  18  1:15  SCV  
  19  1:31  Orbital Command  
  19  1:32  Reaper  
  20  1:42  Command Center  
  20  1:54  Factory  
  20  1:57  SCV  
  21  2:07  Barracks Reactor  
  21  2:09  SCV  
  21  2:14  Supply Depot  
  22  2:21  SCV  
  23  2:23  Refinery  
  23  2:35  SCV  
  24  2:43  Starport  
  24  2:47  SCV  
  24  2:51  Hellion x2  
  29  2:54  Orbital Command  
  29  2:56  Barracks Tech Lab  
  29  2:59  SCV  
  30  3:12  Hellion x2  
  34  3:13  SCV  
  35  3:23  SCV  
  35  3:25  SCV  
  37  3:27  Cloaking Field  
  37  3:28  Banshee  
  40  3:36  SCV  
  40  3:37  Supply Depot, SCV  
  40  3:40  Marine x2  
  44  3:44  Factory Reactor  
  44  3:48  SCV  
  44  3:49  SCV  
  46  4:00  SCV  
  46  4:01  SCV  
  46  4:02  Marine x2  
  41  4:10  Supply Depot  
  41  4:11  Banshee  
  41  4:13  SCV x2  
  46  4:19  Marine, Armory  
  46  4:20  Marine  
  46  4:22  Hellion  
  46  4:23  Hellion  
  52  4:25  SCV  
  52  4:30  SCV  
  54  4:33  Supply Depot  
  54  4:37  SCV, Marine x2  
  57  4:42  SCV  
  57  4:43  Hellion  
  57  4:45  Hellion  
  62  4:55  SCV x2  
  62  4:56  Supply Depot  
  64  5:04  Hellion, Command Center  
  64  5:06  Hellion  
  68  5:07  SCV x2  
  70  5:18  Marine x2  
  70  5:19  Supply Depot  
  71  5:24  SCV  
  72  5:31  SCV  
  71  5:36  SCV  
  69  5:43  SCV  
  69  5:47  Marine  
  69  5:49  SCV  
  72  5:50  Barracks  
  72  5:51  Barracks  
  72  5:52  Factory Tech Lab  
  72  5:55  SCV, Factory Tech Lab  
  72  5:56  Starport Reactor  
  69  5:59  Refinery x2, Marine  
  69  6:00  Engineering Bay x2  
  69  6:01  SCV  
  71  6:05  Marine  
  71  6:07  SCV  
  66  6:13  SCV  
  66  6:17  Marine  
  61  6:18  Orbital Command  
  61  6:19  Drilling Claws, SCV  
  61  6:23  Siege Tank  
  61  6:25  SCV  
  65  6:26  Terran Infantry Weapons Level 1, Terran Infantry Armor Level 1  
  65  6:28  Marine  
  65  6:31  SCV  
  67  6:35  Marine  
  67  6:37  SCV  
  67  6:38  Orbital Command, Barracks  
  67  6:39  Barracks Tech Lab, Barracks  
  69  6:41  Stimpack  
  69  6:42  Barracks  
  69  6:43  SCV  
  70  6:49  SCV  
  70  6:50  Marine x2  
  70  6:51  Medivac x2  
  70  6:53  Marine  
  78  6:55  Widow Mine  
  78  6:56  SCV  
  78  6:59  Combat Shield  
  78  7:00  Marine  
  82  7:01  SCV  
  82  7:06  SCV  
  82  7:08  SCV, Marine x2  
  82  7:12  Marine  
  82  7:13  SCV  
  86  7:16  Widow Mine  
  86  7:17  Marine  
  86  7:18  SCV  
  86  7:20  SCV  
  86  7:21  Medivac x2  
  86  7:22  Supply Depot  
  95  7:25  SCV  
  95  7:26  Marine  
  95  7:27  Barracks Reactor  
  95  7:28  Marine x3  
  100  7:30  SCV  
  101  7:38  Supply Depot, Marine  
  101  7:39  SCV x2  
  101  7:43  Marine  
  101  7:44  SCV  
  103  7:45  Supply Depot  
  103  7:46  Marine x3  
  103  7:47  Marine  
  103  7:51  SCV x2  
  109  7:52  Supply Depot  
  109  7:54  Command Center  
  109  7:59  SCV, Marine  
  109  8:01  Marine  
  109  8:03  SCV x2, Marine, Starport Reactor  
  109  8:04  Widow Mine  
  117  8:07  Widow Mine, Marine x5, Supply Depot  
  117  8:12  Supply Depot, SCV  
  125  8:15  SCV x2  
  125  8:17  Marine  
  124  8:25  Terran Infantry Weapons Level 2, Supply Depot, Terran Infantry Armor Level 2  
  124  8:26  Supply Depot  
  124  8:29  Marine  
  124  8:34  Widow Mine, Marine x2  
  125  8:37  Widow Mine, Marine  
  125  8:40  Marine  
  119  8:41  Marine x3  
  119  8:43  SCV  
  119  8:45  Medivac  
  119  8:47  Marine  
  126  8:48  Supply Depot  
  126  8:51  Marine x2  
  126  8:54  Marine  
  129  8:55  Widow Mine  
  129  8:58  Marine  
  129  8:59  Widow Mine, Marine x3, Barracks x2  
  129  9:01  Barracks  
  135  9:04  Marine  
  135  9:09  Marine x2  
  138  9:12  Marine  
  138  9:16  Marine  
  138  9:17  Widow Mine, Marine  
  142  9:18  Medivac x2  
  142  9:22  Marine x2  
  147  9:24  Widow Mine  
  147  9:30  Marine  
  147  9:31  Marauder, Marine  
  142  9:32  Marine  
  142  9:34  Marine x2  
  147  9:38  Widow Mine  
  147  9:40  Marine  
  147  9:41  Marauder  
  150  9:45  Marine  
  150  9:46  Widow Mine  
  150  9:48  Medivac x2, Marine x2  
  150  9:49  Marine  
  150  9:52  Marauder  
  162  9:59  Marine x3  
  153  10:00  Widow Mine  
  153  10:02  Marauder  
  153  10:03  Barracks Tech Lab x2  
  153  10:04  SCV, Planetary Fortress  
  153  10:05  SCV x2  
  153  10:06  Marauder, Marine x2  
  160  10:07  Widow Mine, Marine  
  160  10:13  Marine  
  164  10:18  Sensor Tower  
  164  10:34  Marine x2  
  164  10:37  Marauder  
  164  10:43  Supply Depot x2  
  164  10:45  Marine x2  
  164  10:46  Marauder, Widow Mine x2  
  164  10:47  Marauder, Medivac  
  172  10:51  Marine x2  
  172  10:52  Marine x2  
  172  10:56  Command Center  
  172  11:04  Marine x3  
  172  11:05  Marauder x2  
  172  11:07  Widow Mine x2, Marine  
  172  11:09  Marine  
  163  11:11  Marine  
  163  11:12  Marauder  
  163  11:15  Marine  
  163  11:16  Marine  
  168  11:22  Marauder, Marine x2  
  168  11:25  Marauder, Liberator x2, Marine  
  174  11:26  Marauder  
  174  11:29  Widow Mine x2  
  174  11:31  Marine  
  180  11:33  Marauder  
  180  11:37  Marine  
  168  11:44  Marauder, Marine  
  168  11:45  Marauder  
  165  11:48  SCV x2  
  165  11:50  Widow Mine x2  
  165  11:52  SCV  
  165  11:53  Marine x4  
  165  11:54  Marauder  
  178  11:55  Marine  
  178  11:56  Marauder  
  178  12:00  SCV x2  
  155  12:10  Medivac x2  
  155  12:11  Widow Mine x2, Marine  
  155  12:12  Marauder  
  155  12:15  Marine  
  166  12:16  Marauder  
  166  12:18  Marauder, Marine x2  
  166  12:20  Marine  
  166  12:21  Marauder  
  168  12:24  Marauder, Marine  
  168  12:29  Marine  
  169  12:33  Marauder, Widow Mine x2  
  169  12:35  Marine  
  159  12:37  Marauder, Marine x2  
  163  12:40  Marauder  
Show
View Real Time Build Order
Export as new Build Order

Lambo Zerg 

Build Orders: Hatch First 

Get SALT Encoding   

  12  0:00  Drone  
  13  0:13  Overlord  
  13  0:17  Drone  
  14  0:31  Drone x2  
  16  0:47  Hatchery  
  15  0:51  Drone  
  15  0:55  Drone  
  17  0:58  Drone  
  18  1:09  Extractor  
  17  1:13  Spawning Pool  
  17  1:16  Drone  
  17  1:19  Drone  
  18  1:28  Drone  
  19  1:39  Drone  
  20  1:50  Overlord  
  20  1:59  Queen x2  
  20  2:00  Zergling x2  
  25  2:02  Zergling x2  
  26  2:12  Drone x2, Metabolic Boost  
  28  2:21  Drone  
  28  2:22  Drone  
  30  2:35  Hatchery  
  30  2:36  Drone  
  30  2:44  Drone  
  31  2:45  Queen  
  31  2:51  Overlord  
  33  2:55  Drone x2  
  35  2:59  Drone  
  36  3:07  Overlord  
  36  3:08  Queen  
  36  3:11  Drone x2  
  40  3:14  Drone  
  40  3:15  Drone  
  42  3:20  Queen  
  42  3:26  Drone x2  
  46  3:29  Overlord  
  47  3:34  Zergling x2  
  47  3:40  Zergling x6  
  50  3:48  Zergling x2  
  50  3:51  Zergling x4  
  53  3:58  Drone x6  
  55  4:06  Drone x2  
  56  4:10  Drone  
  57  4:21  Queen, Spore Crawler x2  
  57  4:23  Spore Crawler  
  56  4:24  Drone  
  56  4:30  Lair  
  57  4:32  Extractor  
  57  4:33  Drone  
  57  4:45  Overlord  
  57  4:46  Overlord x2  
  57  4:47  Baneling Nest  
  56  4:53  Drone  
  57  5:02  Queen  
  57  5:03  Zergling x6  
  57  5:04  Drone x11  
  73  5:11  Drone x2  
  74  5:19  Extractor  
  74  5:21  Queen, Extractor  
  72  5:26  Zergling x4  
  74  5:34  Zergling x12  
  72  5:37  Zergling x2  
  72  5:38  Zergling x2  
  72  5:41  Queen  
  72  5:42  Queen, Overlord  
  74  5:46  Zergling x4  
  74  5:48  Overlord  
  65  5:59  Baneling x2  
  65  6:00  Queen  
  65  6:02  Zergling x8  
  69  6:08  Zergling x8  
  68  6:12  Drone  
  68  6:14  Drone, Overseer  
  68  6:16  Queen  
  68  6:18  Queen  
  69  6:20  Drone x2  
  69  6:24  Drone  
  72  6:27  Drone x3  
  72  6:31  Drone  
  76  6:34  Drone  
  76  6:35  Drone  
  76  6:38  Overseer  
  78  6:41  Evolution Chamber  
  78  6:42  Drone, Evolution Chamber  
  78  6:44  Drone  
  79  6:47  Drone  
  79  6:48  Centrifugal Hooks  
  79  6:53  Drone x2  
  81  7:00  Hatchery  
  80  7:02  Overlord  
  80  7:04  Queen  
  80  7:08  Zerg Ground Armor Level 1, Zerg Melee Weapons Level 1  
  82  7:13  Overlord  
  82  7:18  Overlord  
  82  7:19  Overlord  
  82  7:22  Drone  
  83  7:24  Drone  
  83  7:25  Zergling x12  
  90  7:31  Overlord  
  90  7:32  Overlord  
  90  7:33  Overlord  
  90  7:37  Overlord  
  90  7:38  Zergling x6  
  90  7:41  Zergling x4  
  90  7:42  Zergling x2  
  96  7:45  Zergling x6  
  96  7:46  Baneling x3  
  96  7:47  Baneling x9  
  99  7:54  Drone x5  
  99  7:57  Baneling x8  
  104  7:59  Zergling x2  
  105  8:10  Hatchery  
  105  8:11  Zergling x10  
  108  8:16  Zergling x8  
  105  8:20  Zergling x8  
  105  8:24  Overlord  
  105  8:26  Overlord  
  109  8:30  Drone x4  
  102  8:40  Drone x6  
  99  8:43  Drone x2  
  99  8:47  Drone x4  
  104  8:50  Drone  
  104  8:54  Drone x4  
  108  8:55  Drone  
  109  9:05  Zerg Ground Armor Level 2, Zerg Melee Weapons Level 2  
  109  9:10  Baneling x8  
  109  9:11  Overseer  
  109  9:15  Zergling x10  
  113  9:18  Zergling x8  
  113  9:22  Zergling x8  
  120  9:28  Zergling x16  
  124  9:36  Zergling x6  
  127  9:44  Baneling x10  
  127  9:45  Overlord x2  
  127  9:47  Hatchery, Overlord  
  127  9:49  Zergling x6  
  127  9:51  Overlord  
  125  9:53  Overlord  
  125  9:54  Spore Crawler  
  125  9:55  Zergling x2  
  121  10:03  Infestation Pit  
  120  10:09  Pneumatized Carapace  
  120  10:11  Drone x6  
  120  10:12  Hydralisk Den  
  120  10:13  Zergling x14  
  120  10:14  Extractor x2  
  128  10:21  Queen  
  128  10:28  Zergling x20  
  139  10:32  Zergling x2  
  139  10:33  Zergling x12  
  142  10:43  Hive  
  142  10:44  Lurker Den  
  138  10:50  Hydralisk x6  
  138  10:54  Grooved Spines  
  138  10:56  Baneling x5  
  150  11:01  Extractor  
  150  11:02  Extractor  
  150  11:03  Zergling x12  
  149  11:08  Zergling x4  
  137  11:15  Drone x2  
  137  11:16  Drone x4  
  137  11:17  Drone x3  
  146  11:22  Hydralisk x4  
  154  11:29  Baneling x8  
  150  11:37  Zergling x14  
  142  11:41  Zergling x8  
  142  11:43  Zergling x2  
  142  11:44  Zergling x2  
  145  11:49  Zergling x10  
  150  11:57  Zergling x2  
  150  11:58  Zergling x14  
  155  12:01  Zergling x2  
  155  12:02  Zergling x6  
  155  12:06  Zergling x4  
  134  12:08  Zergling x2  
  134  12:11  Baneling  
  134  12:12  Baneling x7  
  134  12:13  Zergling x2  
  134  12:14  Zergling x2  
  135  12:15  Zergling x2  
  135  12:16  Zergling x2  
  135  12:18  Zergling x4  
  135  12:20  Zergling x2  
  135  12:21  Zergling x4  
  127  12:23  Zergling x2  
  127  12:24  Zergling x4  
  127  12:26  Zergling x4  
  119  12:31  Hydralisk x2  
  119  12:34  Hydralisk  
Tags
 
Add a new tag
Caveats
  • Supply blocks, unpowered buildings, or Contaminate may cause inaccurate times.
  • Supply counts are checked every 10 seconds.